 Dungeon Crawl Stone Soup version 0.30-a0-177-g1cb5dbfd7a (webtiles) character file.

Game seed: 1845665154856602015

35 ytrimaz the Caller (level 3, -5/21 HPs)
             Began as an Octopode Summoner on Oct 3, 2022.
             Slain by a nameless horror (9 damage)
             ... created by miscasting Call Canine Familiar
             ... on level 1 of the Dungeon.
             The game lasted 00:03:42 (1998 turns).

ytrimaz the Caller (Octopode Summoner)              Turns: 1998, Time: 00:03:43

Health: -5/21      AC:  1    Str:  7    XL:     3   Next: 35%
Magic:  0/7        EV: 13    Int: 19    God:
Gold:   57         SH:  0    Dex: 12    Spells: 1/7 levels left

rFire   . . .      SeeInvis .    (no weapon)
rCold   . . .      Faith    .    (no shield)
rNeg    . . .      Spirit   .    (helmet restricted)
rPois   .          Reflect  .    (no amulet)
rElec   .          Harm     .    (no ring)
rCorr   .          Rampage  .    (no ring)
Will    .....                    (no ring)
Stlth   +++.......               (no ring)
HPRegen 0.23/turn                (no ring)
MPRegen 0.10/turn                (no ring)
                                 (no ring)
                                 (no ring)

@: no status effects
A: almost no armour, amphibious, 8 rings, camouflage 1, gelatinous body 1,
(nimble swimmer 1), tentacles
a: no special abilities


You were on level 1 of the Dungeon.
You visited 1 branch of the dungeon, and saw 2 of its levels.

You collected 57 gold pieces.


Innate Abilities, Weirdness & Mutations

You cannot wear most types of armour.
You are amphibious.
You can wear up to eight rings at the same time.
Your skin changes colour to match your surroundings (Stealth+).
Your rubbery body absorbs attacks. (AC +1, EV +1)
((You are camouflaged when in or above water. (Stealth+)))
You have tentacles for arms and can constrict up to eight enemies at once.


   Skills:
 - Level 2.0 Dodging
 - Level 2.6 Stealth
 + Level 2.8 Spellcasting
 + Level 4.5 Summonings


You had one spell level left.
You knew the following spells:

 Your Spells              Type           Power      Damage    Failure   Level
a - Summon Small Mammal   Summ           80%        N/A       2%          1
b - Call Imp              Summ           20%        N/A       3%          2
c - Call Canine Familiar  Summ           20%        N/A       7%          3

Your spell library contained the following spells:

 Spells                   Type           Power      Damage    Failure   Level
 Summon Guardian Golem    Hex/Summ       11%        N/A       19%         3
 Cigotuvi's Dreadful Rot  Necr/Pois/Air  4%         N/A       24%         2
 Poisonous Vapours        Pois/Air       4%         N/A       24%         2
 Summon Lightning Spire   Summ/Air       11%        N/A       52%         4

Inventory:

Potions
 a - a potion of magic

Dungeon Overview and Level Annotations

Branches:
Dungeon (2/15) Zot: 10000

Altars:

#.##.# #.##.# #.##.##
############# #.###.######
#...........# #.# #.†.....
#†#########.# #.# #.######
#.# #.....#.#####.###.######
#.# #.###.#>X..............#
#.###.#.#.#@.##.#.###.####..
#.#.....#.#..##.#.# #.# ##.
#.#.#...........#.# #.# ##
#.#.#.#.#.#..####.###.######
#.#.#.#.#.#.........#......#
#.#.#.#.#.........#.######.#
#.#.#.#.######..###.# #.#
#.#.#...............# #.#
#.#.###.##..........######.#


You could see a nameless horror.


Message History

Unknown command.
You are too injured to fight recklessly!
Unknown command. 😨 HP[+1]
Casting: Call Canine Familiar (quite dangerous; 8% risk of failure)
Confirm with . or Enter, or press ? or * to list all spells.
😨 MP[-1]
You lost 1 mp, and now have 1/7 mp.
Unknown command.
You swap places.
The gnoll barely misses your quokka.
You see here a +0 robe. 😨 MP[+1]
Your quokka bites the gnoll.
The gnoll closely misses your quokka.
Your quokka barely misses the gnoll.
The gnoll barely misses your quokka.
Your quokka bites the gnoll but does no damage.
The gnoll hits your quokka with a +0 halberd. 😮 HP[+1]
Your quokka barely misses the gnoll.
Your quokka bites the gnoll.
The gnoll hits your quokka with a +0 halberd!
Your quokka dies!
Your quokka's corpse disappears in a puff of smoke!
The gnoll shouts!
You see here a +0 robe.
Unknown command.
You aren't carrying any scrolls.
It was a potion of invisibility.
You fade into invisibility!
Unknown command.
It was a potion of heal wounds.
You feel much better.
The gnoll completely misses you. 😎 HP[+10]
Your hp is fully restored (21).
Unknown command.
It was a potion of curing.
You feel better. The nameless horror hits you.
You feel your power leaking away.
The gnoll hits you from afar with a +0 halberd. 😕 HP[-3] MP[-2]
You take 3 damage, and now have 18/21 hp.
You lost 2 mp, and now have 0/7 mp.
It was a potion of cancellation.
Your magical effects are unravelling.
You feel magically purged.
You flicker back into view.
The nameless horror misses you. The gnoll misses you.
The nameless horror attacks as you move away!
The nameless horror closely misses you. The gnoll closely misses you.
You tentacle-slap the gnoll but do no damage.
You grab the gnoll. You squeeze the gnoll.
You kill the gnoll!
The nameless horror closely misses you. 😕 MP[+1] Unknown command.
The nameless horror attacks as you move away!
The nameless horror hits you but does no damage.
Things that are here:
a +0 halberd; a gnoll corpse; 😕 HP[+1]
The nameless horror attacks as you move away!
The nameless horror hits you.
You feel your power leaking away. 😮 HP[-6] MP[-1]
You take 6 damage, and now have 13/21 hp.
MASSIVE DAMAGE!! (PAUSE)
You lost 1 mp, and now have 0/7 mp.
Unknown command.
The nameless horror attacks as you move away!
The nameless horror completely misses you.
The nameless horror attacks as you move away!
The nameless horror misses you.
There is a stone staircase leading up here. 😮 HP[+1]
The nameless horror misses you.
You climb upwards.
There is a stone staircase leading down here.
Unknown command.
Unknown command.
The nameless horror hits you!
* * * LOW HITPOINT WARNING * * *
😨 HP[-8]
You take 8 damage, and now have 6/21 hp.
MASSIVE DAMAGE!! (PAUSE)
You tentacle-slap the nameless horror but do no damage.
The nameless horror closely misses you. 😨 MP[+1] Unknown command.
You tentacle-slap the nameless horror. You squeeze the nameless horror!
The nameless horror closely misses you.
Unknown command.
You tentacle-slap the nameless horror but do no damage.
The nameless horror closely misses you.
Unknown command.
You tentacle-slap the nameless horror. You squeeze the nameless horror!
The nameless horror hits you.
* * * LOW HITPOINT WARNING * * *
You feel your power leaking away. 😱 HP[-3] MP[-1]
You take 3 damage, and now have 3/21 hp.
You lost 1 mp, and now have 0/7 mp.
You tentacle-slap the nameless horror but do no damage.
The nameless horror hits you!
You die...

Action                   || total
-------------------------++-------
Melee: Unarmed           ||    15
       Constrict         ||     8
       Tentacles         ||     6
 Cast: Summon Small Mamm ||    52
       Call Imp          ||     8
       Call Canine Famil ||     2
  Use: Scroll            ||     2
       Potion            ||     4
Armor: Skin              ||     1
Dodge: Dodged            ||    34

Levels and vault maps discovered:
D:1:      scummos_arrival_checkerplants, layout_basic, grunt_decor_fettered
D:2:      layout_loops_ring, shapermc_ecumenical_altar_flowoftime

Notes
Turn   | Place    | Note
-------+----------+-------------------------------------------
     0 | D:1      | ytrimaz the Octopode Summoner began the quest for the Orb.
     0 | D:1      | Reached XP level 1. HP: 11/11 MP: 3/3
     0 | D:1      | magus.rc [v1.9.6]
   475 | D:1      | Reached XP level 2. HP: 13/17 MP: 1/5
   551 | D:1      | Learned a level 2 spell: Call Imp
  1768 | D:2      | Reached XP level 3. HP: 20/21 MP: 2/6
  1772 | D:2      | Learned a level 3 spell: Call Canine Familiar
  1784 | D:2      | Noticed a nameless horror
  1841 | D:2      | Identified the +5 ring mail "Fiwuec" {rElec Dex+5}
  1854 | D:2      | You pick up a book of Vapours and begin reading...
  1854 | D:2      | You add the spells Poisonous Vapours and Cigotuvi's
                  | Dreadful Rot to your library.
  1997 | D:1      | HP: 3/21 [nameless horror[miscasting Call Canine Familiar]
                  | (3)]
  1998 | D:1      | Slain by a nameless horror

Vanquished Creatures
  A gnoll (D:2)
  A hobgoblin (D:1)
  A bat (D:2)
  A frilled lizard (D:1)
  A kobold (D:2)
5 creatures vanquished.

Vanquished Creatures (collateral kills)
  A dart slug (D:1)
  2 ball pythons (D:1)
  A giant cockroach (D:2)
  5 goblins
  4 hobgoblins (D:1)
  A quokka (D:1)
  A frilled lizard (D:2)
  A kobold (D:1)
  3 rats (D:1)
19 creatures vanquished.

Grand Total: 24 creatures vanquished

Table legend:
 A = Non-vault XP
 B = Vault XP
 C = Vault XP percentage of total XP
 D = Non-vault monster count
 E = Vault monster count
 F = Vault count percentage of total count
                 A         B        C        D         E       F
            +---------+---------+-------+---------+---------+-------
      Total |      51 |       0 |   0.0 |      24 |       0 |   0.0
            +---------+---------+-------+---------+---------+-------
        D:1 |      30 |       0 |   0.0 |      18 |       0 |   0.0
        D:2 |      21 |       0 |   0.0 |       6 |       0 |   0.0
            +---------+---------+-------+---------+---------+-------

Illustrated notes

Table legend:
 A = Kills in this place as a percentage of kills in entire the game.
 B = Kills by you in this place as a percentage of kills by you in the entire game.
 C = Kills by friends in this place as a percentage of kills by friends in the entire game.
 D = Other kills in this place as a percentage of other kills in the entire game.
 E = Experience gained in this place as a percentage of experience gained in the entire game.
 F = Experience gained in this place divided by the number of levels of this place that you have seen.
                   A       B       C       D       E      F
               +-------+-------+-------+-------+-------+----------------------
         Total | 100.0 | 100.0 | 100.0 |   N/A | 100.0 |  25.5
       Dungeon | 100.0 | 100.0 | 100.0 |   N/A | 100.0 |  25.5
               +-------+-------+-------+-------+-------+----------------------

Table legend: (Time is in decaauts)
 A = Elapsed time spent in this place.
 B = Non-inter-level travel time spent in this place.
 C = Inter-level travel time spent in this place.
 D = Time resting spent in this place.
 E = Time spent auto-exploring this place.
 F = Levels seen in this place.
 G = Mean time per level.
                   A        B        C        D        E       F      G
               +--------+--------+--------+--------+--------+-----+--------+
         Total |   1998 |   1961 |     37 |      4 |   1579 |   2 |  999.0 |
       Dungeon |   1998 |   1961 |     37 |      4 |   1579 |   2 |  999.0 |
               +--------+--------+--------+--------+--------+-----+--------+

Top non-repeatable levels by time:
     D:1: 1703 daAuts
     D:2: 294 daAuts
